 Dungeon Crawl Stone Soup version 0.28-a0-80-g9707f7362f (webtiles) character file.

Game seed: 10176867294253686406

7294 pokeman the Thaumaturge (level 10, -7/56 HPs)
             Began as a Deep Elf Hedge Wizard on Aug 5, 2021.
             Was a Believer of Vehumet.
             Mangled by an orc knight (22 damage)
             ... in a bailey.
             The game lasted 00:39:05 (13193 turns).

pokeman the Thaumaturge (Deep Elf Hedge Wizard)    Turns: 13193, Time: 00:39:06

Health: -7/56      AC:  6    Str:  7    XL:     10   Next: 89%
Magic:  7/29       EV: 16    Int: 23    God:    Vehumet [**....]
Gold:   601        SH:  0    Dex: 14    Spells: 21/36 levels left

rFire   . . .      SeeInvis .   E - +4 war axe
rCold   . . .      Faith    .   (no shield)
rNeg    . . .      Spirit   .   q - +0 leather armour
rPois   +          Reflect  .   H - +0 helmet
rElec   .          Harm     .   x - scarf {+Inv}
rCorr   .          Rampage  .   Q - +0 pair of gloves
Will    +....                   c - +0 pair of boots
Stlth   ++........              (no amulet)
HPRegen 0.18/turn               G - +4 ring of evasion
MPRegen 0.21/turn               g - ring of poison resistance

@: no status effects
A: no striking features
a: Renounce Religion, Evoke Invisibility


You were in a bailey.
You worshipped Vehumet.
Vehumet was pleased with you.
You visited 2 branches of the dungeon, and saw 11 of its levels.
You also visited: Bailey.

You collected 601 gold pieces.

Inventory:

Hand Weapons
 j - a +1 dagger of venom
 E - a +4 war axe (weapon)
Missiles
 a - 82 bolts
 e - 206 arrows
 m - a throwing net
 z - 8 curare-tipped darts
Armour
 c - a +0 pair of boots (worn)
 q - a +0 leather armour (worn)
 u - a scarf of shadows
 x - a scarf of invisibility (worn)
 D - a +3 ring mail of fire resistance
 H - a +0 helmet (worn)
 Q - a +0 pair of gloves (worn)
 R - a +0 robe of cold resistance
Magical Staves
 k - a staff of earth
 O - a staff of poison
Jewellery
 d - a ring of positive energy
 g - a ring of poison resistance (right hand)
 G - a +4 ring of evasion (left hand)
 I - a +4 ring of protection
 J - an amulet of guardian spirit
Wands
 r - a wand of charming (6)
 C - a wand of paralysis (6)
Scrolls
 b - a scroll of fear
 h - 5 scrolls of identify
 p - 3 scrolls of enchant weapon
 v - 4 scrolls of teleportation
 w - 4 scrolls of noise
 y - 4 scrolls of fog
 B - a scroll of immolation
 F - a scroll of magic mapping
 K - a scroll of amnesia {unknown}
 M - a scroll of brand weapon {unknown}
Potions
 f - 3 potions of curing {unknown}
 i - 3 potions of lignification {unknown}
 l - 3 potions of degeneration {unknown}
 n - a potion of cancellation {unknown}
 o - 2 potions of resistance
 s - a potion of flight {unknown}
 t - 2 potions of haste {unknown}
 A - a potion of attraction {unknown}
 L - 7 potions of heal wounds {unknown}
 N - 2 potions of invisibility {unknown}
 P - a potion of mutation {unknown}
 S - a potion of magic {unknown}


   Skills:
 - Level 4.0 Fighting
 + Level 3.7 Armour
 - Level 3.3 Dodging
 - Level 3.1 Stealth
 * Level 13.9 Spellcasting
 + Level 8.3 Conjurations
 - Level 1.1 Summonings
 - Level 1.1 Translocations
 + Level 7.1 Fire Magic
 - Level 1.1 Air Magic
 - Level 1.2 Earth Magic
 - Level 2.2 Poison Magic
 - Level 2.2 Evocations


You had 21 spell levels left.
You knew the following spells:

 Your Spells              Type           Power      Damage    Failure   Level
a - Magic Dart            Conj           100%       1d8       1%          1
b - Mephitic Cloud        Conj/Pois/Air  34%        N/A       3%          3
c - Call Imp              Summ           21%        N/A       5%          2
d - Blink                 Tloc           N/A        N/A       5%          2
e - Conjure Flame         Conj/Fire      51%        6-21      1%          3
f - Shock                 Conj/Air       100%       1d9       1%          1
g - Stone Arrow           Conj/Erth      74%        3d11      2%          3

Your spell library contained the following spells:

 Spells                   Type           Power      Damage    Failure   Level
 Freeze                   Ice            64%        1d8       5%          1
 Slow                     Hex            16%        N/A       9%          2
 Hailstorm                Conj/Ice       35%        3d9       10%         4
 Frozen Ramparts          Ice            32%        1d5       17%         3


Dungeon Overview and Level Annotations

Branches:
Dungeon (10/15)            Temple (1/1) D:6            Lair (0/6) D:10
 Bailey (1/1)
    Orc: D:9-12

Altars:
Ashenzari
Cheibriados
Dithmenos
Elyvilon
Fedhas
Gozag
Hepliaklqana
Kikubaaqudgha
Makhleb
Nemelex Xobeh
Okawaru
Qazlal
Ru
Sif Muna
Trog
Uskayaw
Vehumet
Wu Jian
Xom
Yredelemnul
Zin
The Shining One

Shops:
D:2 (   D:5 *   D:7 :

Annotations:
D:8 2 transporters, Strat's ghost, novice MiFE
D:9 3 runed translucent doors, mdk's ghost, novice OgHu; zazu2006's ghost, novice NaWz


Message History

Aim: an orc knight, wielding a +0 trident and wearing a +0 scale mail (moderately wounded, chance to affect: 58%)
The ball explodes into a vile cloud!
The stinking cloud engulfs the orc knight but does no damage.
The orc knight is moderately wounded.
You hear a shout!
The orc knight is engulfed in noxious fumes.
Unknown command.
Unknown command.
Aiming: Paralyse
Press: ? - help, Shift-Dir - straight line, f/p - orc knight
Aim: an orc knight, wielding a +0 trident and wearing a +0 scale mail (flame, moderately wounded, chance to affect: 34%)
The orc knight easily resists.
The orc knight is engulfed in blazing flames.
The orc knight hits you from afar with a +0 trident.
* * * LOW HITPOINT WARNING * * *
Unknown command.
Aiming: Paralyse
Press: ? - help, Shift-Dir - straight line, f/p - orc knight
Aim: an orc knight, wielding a +0 trident and wearing a +0 scale mail (flame, heavily wounded, chance to affect: 34%)
The orc knight easily resists.
The orc knight is engulfed in blazing flames.
The orc knight hits you from afar with a +0 trident.
* * * LOW HITPOINT WARNING * * *
Unknown command.
The orc knight is engulfed in blazing flames.
Casting: Mephitic Cloud (dangerous; 3% risk of failure)
Confirm with . or Enter, or press ? or * to list all spells.
Aiming: Mephitic Cloud (dangerous; 3% risk of failure)
Press: ? - help, Shift-Dir - straight line, f - orc priest, p - orc knight
Aim: an orc priest, wielding a +0 mace (severely wounded, summoned, strong, chance to affect: 86%)
The ball explodes into a vile cloud!
The stinking cloud engulfs the orc priest but does no damage.
The orc priest is severely wounded.
The stinking cloud engulfs the orc knight but does no damage.
The orc knight is severely wounded.
The orc priest is engulfed in noxious fumes.
The orc priest appears confused.
The orc knight is engulfed in blazing flames.
The orc knight hits you from afar with a +0 trident!!
You die...

#######
##..∩@.##
#....§§.#
#∩..)o☼§#
#...§o)§#
#..§○)..#
#..○.°.)#
#....o..#
#.......#
#.......#


You could see an orc knight, an orc warrior (strong) and an orc priest
(summoned, strong, confused).

Vanquished Creatures
  2 two-headed ogres
  An orc knight (Bailey)
  An unseen horror (D:8)
  3 slime creatures (D:9)
  Sigmund (D:5)
  Edmund (D:5)
  A water moccasin (D:6)
  An acid dragon (D:9)
  4 ice beasts
  13 orc warriors
  A sky beast (D:4)
  A black bear (D:6)
  2 necrophages
  An ogre (D:6)
  2 phantoms
  A centaur (D:10)
  Blork the orc (D:6)
  A kobold brigand (D:8)
  2 wyvern zombies
  A scorpion (D:5)
  A water moccasin skeleton (D:6)
  8 killer bees
  3 howler monkeys
  7 wights
  A bullfrog skeleton (D:5)
  3 hounds
  3 jellies
  A centaur skeleton (D:7)
  A gnoll shaman (D:7)
  5 orc priests
  2 iguanas (D:5)
  9 orc wizards
  A howler monkey zombie (D:9)
  9 gnolls
  A howler monkey skeleton (D:6)
  6 adders
  A shadow imp (D:6)
  An adder skeleton (D:4)
  2 worms
  A dart slug (D:2)
  47 orcs
  4 bats
  2 endoplasms
  4 giant cockroaches
  A goblin (D:1)
  7 hobgoblins
  7 jackals
  4 quokkas
  7 ball pythons
  3 frilled lizards
  7 kobolds
  5 rats
205 creatures vanquished.

Vanquished Creatures (collateral kills)
  A wyvern (D:10)
1 creature vanquished.

Vanquished Creatures (others)
  A hound (D:5)
  6 withered plants (D:9)
7 creatures vanquished.

Grand Total: 213 creatures vanquished

Notes
Turn   | Place    | Note
-------+----------+-------------------------------------------
     0 | D:1      | pokeman the Deep Elf Hedge Wizard began the quest for the
                  | Orb.
     0 | D:1      | Reached XP level 1. HP: 10/10 MP: 7/7
   491 | D:1      | Reached XP level 2. HP: 15/15 MP: 7/9
  1125 | D:2      | Reached skill level 5 in Spellcasting
  1221 | D:2      | Reached XP level 3. HP: 20/20 MP: 5/11
  1225 | D:2      | Learned a level 3 spell: Mephitic Cloud
  1228 | D:2      | Learned a level 2 spell: Call Imp
  1231 | D:2      | Learned a level 2 spell: Blink
  1235 | D:2      | Learned a level 3 spell: Conjure Flame
  1282 | D:2      | Reached skill level 1 in Fighting
  1282 | D:2      | Reached skill level 1 in Armour
  1494 | D:2      | Found Caqasodd's Antique Weapon Shoppe.
  1700 | D:2      | Reached XP level 4. HP: 25/25 MP: 6/13
  2898 | D:3      | Reached skill level 1 in Fire Magic
  3342 | D:3      | Reached skill level 6 in Spellcasting
  3685 | D:4      | Reached XP level 5. HP: 29/29 MP: 13/15
  3820 | D:4      | Noticed a sky beast
  3886 | D:4      | Killed a sky beast
  3887 | D:4      | Reached skill level 1 in Air Magic
  4157 | D:4      | Noticed a phantom
  4603 | D:5      | Entered Level 5 of the Dungeon
  4770 | D:5      | Found a sparkling altar of Nemelex Xobeh.
  4812 | D:5      | Reached XP level 6. HP: 34/34 MP: 14/17
  4868 | D:5      | Found Xiahy's General Store.
  4875 | D:5      | Reached skill level 7 in Spellcasting
  4875 | D:5      | Reached skill level 1 in Earth Magic
  5135 | D:5      | Noticed Edmund
  5649 | D:5      | Reached skill level 1 in Poison Magic
  5649 | D:5      | Reached skill level 1 in Evocations
  5649 | D:5      | Reached XP level 7. HP: 38/38 MP: 12/20
  5847 | D:5      | Killed Edmund
  5848 | D:5      | Reached skill level 8 in Spellcasting
  6171 | D:5      | Noticed Sigmund
  6187 | D:5      | Killed Sigmund
  6293 | D:6      | Noticed Blork the orc
  6326 | D:6      | Killed Blork the orc
  6327 | D:6      | Reached skill level 9 in Spellcasting
  6327 | D:6      | Reached XP level 8. HP: 8/43 MP: 2/23
  6893 | D:6      | Reached skill level 5 in Conjurations
  7114 | D:6      | Reached skill level 10 in Spellcasting
  7319 | D:6      | Found a staircase to the Ecumenical Temple.
  7324 | Temple   | Entered the Ecumenical Temple
  8103 | D:6      | Noticed a two-headed ogre
  8117 | D:6      | Killed a two-headed ogre
  8118 | D:6      | Reached skill level 11 in Spellcasting
  8118 | D:6      | Reached XP level 9. HP: 48/48 MP: 12/26
  8249 | D:7      | Found a hide-covered altar of Uskayaw.
  8249 | D:7      | Found a hazy altar of Hepliaklqana.
  8251 | D:7      | Found a shimmering blue altar of Sif Muna.
  8251 | D:7      | Found a stormy altar of Qazlal.
  8875 | D:7      | Found a radiant altar of Vehumet.
  8879 | D:7      | Found a glowing golden altar of the Shining One.
  8882 | D:7      | Became a worshipper of Vehumet
  9288 | D:7      | Reached skill level 5 in Fire Magic
  9429 | D:7      | Found Innuwaps's Book Boutique.
  9720 | D:8      | Found an opulent altar of Gozag.
  9818 | D:8      | Killed an unseen horror
  9819 | D:8      | Reached skill level 12 in Spellcasting
 10080 | D:8      | Found a transporter.
 10122 | D:8      | Found a transporter.
 10132 | D:8      | Noticed a two-headed ogre
 10133 | D:8      | Found a bloodstained altar of Trog.
 10133 | D:8      | Noticed Strat's ghost (novice MiFE)
 10145 | D:8      | Noticed a moth of wrath
 10245 | D:8      | Reached XP level 10. HP: 54/56 MP: 14/28
 10449 | D:8      | Reached * piety under Vehumet
 10449 | D:8      | Offered knowledge of Shock by Vehumet.
 10452 | D:8      | Learned a level 1 spell: Shock
 10566 | D:8      | You fall into a shaft and drop 1 floor!
 11837 | D:9      | Found a runed translucent gate.
 11837 | D:9      | Found a runed translucent gate.
 11837 | D:9      | Noticed mdk's ghost (novice OgHu)
 11838 | D:9      | Found a runed translucent gate.
 11838 | D:9      | Noticed zazu2006's ghost (novice NaWz)
 11857 | D:9      | Noticed a two-headed ogre
 11880 | D:9      | Killed a two-headed ogre
 11881 | D:9      | Reached skill level 13 in Spellcasting
 12168 | D:9      | Found a snail-covered altar of Cheibriados.
 12438 | D:10     | Entered Level 10 of the Dungeon
 12548 | D:10     | Found a flagged portal.
 12566 | Bailey   | Entered a bailey
 12653 | Bailey   | Reached ** piety under Vehumet
 12653 | Bailey   | Offered knowledge of Searing Ray by Vehumet.
 12844 | Bailey   | Noticed an orc knight
 12887 | Bailey   | Killed an orc knight
 12987 | Bailey   | Offered knowledge of Stone Arrow by Vehumet.
 12992 | Bailey   | Learned a level 3 spell: Stone Arrow
 13159 | Bailey   | Noticed an orc knight
 13193 | Bailey   | Mangled by an orc knight

Illustrated notes

Levels and vault maps discovered:
D:1:      kennysheep_arrival_seaside, layout_loops_ring, dk_noncrumbling_3,
          minmay_misc_feat_diagonals
D:2:      layout_loops_ring, serial_shops, shop
D:3:      minmay_inner_zag, layout_basic, chequers_serial_rivers_micro_c
D:4:      layout_loops_ring, hangedman_decor_slide_cut
D:5:      layout_rooms, nemelex_altar_shiori, serial_shops, shop,
          small_statue_alley_b, chequers_arboretum, sigmund_edmund_badplayer
D:6:      layout_rooms, temple_doors_e, grunt_ministairs_13, minivault_1,
          uniq_blork_the_orc
D:7:      layout_loops_ring, grunt_temple_overflow_open, serial_shops, shop
D:8:      layout_gridville, nicolae_gozag_seed_capital,
          gammafunk_ghost_wrathful_warriors
D:9:      minmay_general_purpose_star, layout_rooms, chei_slow_surprise,
          gammafunk_ghost_cemetery, minmay_misc_feat_chi,
          minmay_misc_feat_enclosed
D:10:     layout_basic, due_lair_maze_entry_diamond, enter_bailey_6
Temple:   cyrus_circular_temple
Bailey:   bailey_polearm_5, bailey

Skill      XL: |  1  2  3  4  5  6  7  8  9 10 |
---------------+-------------------------------+-----
Spellcasting   | 5 6 7 9 11 12 13 | 13.9
Fighting       | 1 2 3 4 |  4.0
Armour         | 1 2 3 |  3.7
Conjurations   | 2 3 4 6 7 8 |  8.3
Fire Magic     | 1 4 5 7 |  7.1
Dodging        | 3 |  3.3
Air Magic      | 1 |  1.1
Stealth        | 3 |  3.1
Earth Magic    | 1 |  1.2
Poison Magic   | 1 2 |  2.2
Evocations     | 1 2 |  2.2
Summonings     | |  1.1
Translocations | |  1.1

Action                   |  1- 3 |  4- 6 |  7- 9 | 10-12 || total
-------------------------+-------+-------+-------+-------++-------
Melee: Dagger            |    10 |    26 |    22 |       ||    58
       War axe           |       |       |    58 |    52 ||   110
 Cast: Magic Dart        |    75 |   135 |   201 |    31 ||   442
       Mephitic Cloud    |     2 |     5 |    31 |    27 ||    65
       Conjure Flame     |       |     7 |    37 |    32 ||    76
       Call Imp          |       |    10 |     4 |     4 ||    18
       Blink             |       |     1 |       |       ||     1
       Shock             |       |       |       |    42 ||    42
Evoke: Wand              |       |       |       |     4 ||     4
  Use: Scroll            |       |       |       |     8 ||     8
 Stab: Confused          |     1 |       |     7 |     5 ||    13
       Paralysed         |       |       |       |     7 ||     7
Armor: Robe              |     4 |       |       |       ||     4
       Leather armour    |       |    10 |    15 |     9 ||    34
Dodge: Dodged            |    12 |    55 |    69 |    42 ||   178

Table legend: (Time is in decaauts)
 A = Elapsed time spent in this place.
 B = Non-inter-level travel time spent in this place.
 C = Inter-level travel time spent in this place.
 D = Time resting spent in this place.
 E = Time spent auto-exploring this place.
 F = Levels seen in this place.
 G = Mean time per level.
                   A        B        C        D        E       F      G
               +--------+--------+--------+--------+--------+-----+--------+
         Total |  13259 |  12731 |    528 |   1302 |   9290 |  12 | 1104.9 |
       Dungeon |  12550 |  12034 |    516 |   1027 |   9087 |  10 | 1255.0 |
        Temple |     71 |     59 |     12 |      0 |     58 |   1 |   71.0 |
        Bailey |    637 |    637 |      0 |    275 |    145 |   1 |  637.0 |
               +--------+--------+--------+--------+--------+-----+--------+

Top non-repeatable levels by time:
     D:6: 1859 daAuts
     D:5: 1623 daAuts
     D:3: 1434 daAuts
     D:8: 1421 daAuts
     D:7: 1410 daAuts
     D:9: 1346 daAuts
     D:2: 1282 daAuts
     D:4: 1182 daAuts
     D:1: 857 daAuts
  Bailey: 637 daAuts
    D:10: 131 daAuts
  Temple: 71 daAuts
